 Dungeon Crawl Stone Soup version 0.30-a0-424-g7412bad402 (webtiles) character file.

Game seed: 7452406259914209480

2981 NinjaNoafa the Skirmisher (level 10, 0/74 HPs)
             Began as a Formicid Hunter on Dec 9, 2022.
             Slain by a two-headed ogre
             ... wielding a +0 giant club
              (3 damage)
             ... on level 8 of the Dungeon.
             The game lasted 00:33:35 (7155 turns).

NinjaNoafa the Skirmisher (Formicid Hunter)         Turns: 7155, Time: 00:33:36

Health: 0/74       AC:  7    Str: 17    XL:     10   Next: 9%
Magic:  0/6        EV: 13    Int:  8    God:
Gold:   131        SH:  6    Dex: 21    Spells: 9/9 levels left

rFire   . . .      SeeInvis +    a - +2 arbalest (antimagic)
rCold   . . .      Faith    .    g - +0 buckler
rNeg    + . .      Spirit   +    m - +0 steam dragon scales
rPois   .          Reflect  .    (helmet unavailable)
rElec   .          Harm     .    A - scarf {repulsion}
rCorr   .          Rampage  .    H - +0 pair of gloves
Will    +....                    l - +0 pair of boots
Stlth   ++++......               I - amulet of guardian spirit
HPRegen 0.32/turn                e - ring of positive energy
MPRegen 0.10/turn                s - ring of magical power

@: repel missiles
A: permanent stasis, dig shafts and tunnels, antennae 3, four strong arms, low
MP 1
a: Dig, Shaft Self


You were on level 8 of the Dungeon.
You visited 2 branches of the dungeon, and saw 9 of its levels.

You collected 512 gold pieces.
You spent 381 gold pieces at shops.

Inventory:

Hand Weapons
 a - a +2 antimagic arbalest (weapon)
 b - a +2 vorpal halberd
Missiles
 h - 50 stones
 t - 6 curare-tipped darts
 v - 2 silver javelins
 D - a throwing net
 G - 6 atropa-tipped darts
Armour
 g - a +0 buckler (worn)
 l - a +0 pair of boots (worn)
 m - +0 steam dragon scales (worn)
 A - a scarf of repulsion (worn)
 H - a +0 pair of gloves (worn)
Jewellery
 e - a ring of positive energy (left hand)
 f - a ring of protection from cold
 s - a ring of magical power (right hand)
 I - an amulet of guardian spirit (around neck)
 J - a ring of protection from cold
Wands
 w - a wand of charming (16)
 F - a wand of flame (18)
Scrolls
 c - a scroll of blinking {unknown}
 k - a scroll of noise {unknown}
 n - 6 scrolls of butterflies {unknown}
 o - a scroll of fear
 p - a scroll of torment {unknown}
 y - a scroll of enchant armour {unknown}
Potions
 d - a potion of cancellation
 i - 4 potions of might {unknown}
 j - a potion of degeneration {unknown}
 q - a potion of attraction
 r - 2 potions of curing {unknown}
 u - 3 potions of lignification {unknown}
 x - a potion of ambrosia {unknown}
 z - a potion of magic
 C - a potion of brilliance {unknown}


   Skills:
 - Level 5.0 Fighting
 + Level 10.4 Ranged Weapons
 - Level 3.0 Armour
 - Level 3.0 Dodging
 - Level 7.0 Stealth
 - Level 5.0 Shields
 - Level 3.0 Evocations


You had 9 spell levels left.
You didn't know any spells.
Your spell library contained the following spells:

 Spells                   Type           Power      Damage    Failure   Level
 Magic Dart               Conj           0%         1d3       45%         1
 Summon Small Mammal      Summ           0%         N/A       45%         1
 Call Imp                 Summ           0%         N/A       61%         2
 Sublimation of Blood     Necr           0%         N/A       61%         2
 Call Canine Familiar     Summ           0%         N/A       83%         3
 Gell's Gravitas          Tloc           0%         N/A       83%         3
 Ignite Poison            Fire/Tmut/Pois 0%         N/A       83%         3
 Kindle Blastsparks       Fire/Tloc/Air  0%         2d10      83%         3
 Mephitic Cloud           Conj/Pois/Air  0%         N/A       83%         3
 Ozocubu's Armour         Ice            0%         N/A       83%         3
 Summon Guardian Golem    Hex/Summ       0%         N/A       83%         3
 Teleport Other           Tloc           0%         N/A       83%         3
 Petrify                  Tmut/Erth      0%         N/A       99%         4
 Freezing Cloud           Conj/Ice/Air   0%         6-21      100%        5
 Irradiate                Conj/Tmut      0%         3d11      100%        5
 Metabolic Englaciation   Hex/Ice        0%         N/A       100%        5
 Dispersal                Tloc           0%         N/A       100%        6
 Simulacrum               Ice/Necr       0%         N/A       100%        6


Dungeon Overview and Level Annotations

Branches:
Dungeon (8/15)             Temple (1/1) D:5
   Lair: D:8-11

Altars:
Ashenzari
Dithmenos
Elyvilon
Fedhas
Gozag
Hepliaklqana
Kikubaaqudgha
Makhleb
Nemelex Xobeh
Okawaru
Qazlal
Ru
Sif Muna
Trog
Vehumet
Wu Jian
Xom
Yredelemnul
The Shining One

Shops:
D:7 [((*(

Annotations:
D:6 2 transporters, DrKenneth's ghost, novice MiFi


Innate Abilities, Weirdness & Mutations

You cannot be hasted, slowed, berserked, paralysed or teleported.
You can dig through walls and to a lower floor.
You have a pair of large antennae on your head. (SInv)
Your four strong arms can wield two-handed weapons with a shield.
Your magical capacity is low. (-10% MP)


Message History

The two-headed ogre is moderately wounded.
The two-headed ogre is engulfed in blazing flames.
Flame seeps out of the two-headed ogre.
Fire: a) +2 arbalest (antimagic)
Press: ? - help, Q - select action, (/) - cycle Shift-Dir - straight line, f/p - two-headed ogre
Aim: a two-headed ogre, wielding two +0 giant clubs (severely wounded, inner flame, 79% to hit)
You shoot a bolt.
The bolt barely misses the two-headed ogre.
The two-headed ogre attacks as you move away!
You block the two-headed ogre's attack.
The two-headed ogre hits you with a +0 giant club.
The two-headed ogre attacks as you move away!
You block the two-headed ogre's attack. The two-headed ogre misses you.
Fire: a) +2 arbalest (antimagic)
Press: ? - help, Q - select action, (/) - cycle Shift-Dir - straight line, f/p - two-headed ogre
Aim: a two-headed ogre, wielding two +0 giant clubs (heavily wounded, inner flame, 79% to hit)
You shoot a bolt.
The bolt hits the two-headed ogre but does no damage.
The two-headed ogre is heavily wounded.
You block the two-headed ogre's attack. The two-headed ogre barely misses you.
Fire: a) +2 arbalest (antimagic)
Press: ? - help, Q - select action, (/) - cycle Shift-Dir - straight line, f/p - two-headed ogre
Aim: a two-headed ogre, wielding two +0 giant clubs (heavily wounded, inner flame, 79% to hit)
You shoot a bolt.
The bolt barely misses the two-headed ogre.
The two-headed ogre barely misses you.
The two-headed ogre hits you with a +0 giant club!!
* * * LOW HITPOINT WARNING * * *
Fire: a) +2 arbalest (antimagic)
Press: ? - help, Q - select action, (/) - cycle Shift-Dir - straight line, f/p - two-headed ogre
Aim: a two-headed ogre, wielding two +0 giant clubs (heavily wounded, inner flame, 79% to hit)
You shoot a bolt. The bolt hits the two-headed ogre!
Flame seeps out of the two-headed ogre.
The two-headed ogre is severely wounded.
The two-headed ogre is engulfed in blazing flames.
Flame seeps out of the two-headed ogre.
The two-headed ogre hits you with a +0 giant club!
* * * LOW HITPOINT WARNING * * *
The two-headed ogre hits you with a +0 giant club.
You die...

###.##.###.#.##.#####........####
...<...............##.#####.#....
###.##.......#..##.##)# #...####
#.##..###..#.>##....# #..<#
#.##..# #..#..#####.# #...#
#.##..# #..#..# #.#####.##
#.##..# #..#..# #.......# #.##..#
#..#..#######..#..# ###.##..#
#..#..@O○......#..
........###..#.###.#######..
.#...........#.....# #..
.##.###............# .####
#####)#####.## .# #...# #.# .#
#...# #.# .# #...# #.# .# ##.##
#.#


You could see a two-headed ogre (inner flame).

Vanquished Creatures
  Pikel (D:7)
  Joseph (D:7)
  Maggie (D:7)
  Menkaure (D:7)
  A water moccasin (D:7)
  An ice beast (D:6)
  A sky beast (D:7)
  2 black bears (D:5)
  An ogre (D:5)
  3 centaurs
  A lemure (D:7)
  3 bullfrogs
  2 scorpions
  A necrophage (D:7)
  A wight (D:8)
  2 howler monkeys
  3 jellies
  A hound (D:6)
  3 iguanas
  4 orc wizards (D:7)
  3 adders
  2 white imps
  2 ufetubi
  2 worms
  2 dart slugs
  14 orcs
  5 ball pythons
  5 endoplasms
  4 giant cockroaches
  13 hobgoblins
  9 jackals
  3 quokkas
  2 bats (D:2)
  5 frilled lizards
  10 goblins
  3 kobolds
  6 rats
124 creatures vanquished.

Notes
Turn   | Place    | Note
-------+----------+-------------------------------------------
     0 | D:1      | NinjaNoafa the Formicid Hunter began the quest for the Orb.
     0 | D:1      | Reached XP level 1. HP: 16/16 MP: 1/1
   205 | D:1      | Reached XP level 2. HP: 23/23 MP: 2/2
   546 | D:1      | Reached XP level 3. HP: 29/29 MP: 3/3
  1386 | D:1      | Reached XP level 4. HP: 19/35 MP: 4/4
  1707 | D:2      | Found a faded altar of an unknown god.
  2211 | D:3      | Reached skill level 5 in Ranged Weapons
  2478 | D:3      | Noticed a bullfrog
  2486 | D:3      | Killed a bullfrog
  2487 | D:3      | Reached XP level 5. HP: 38/42 MP: 5/5
  2755 | D:3      | Found a shimmering blue altar of Sif Muna.
  2904 | D:4      | Reached skill level 6 in Ranged Weapons
  2904 | D:4      | Reached XP level 6. HP: 34/48 MP: 6/6
  3157 | D:4      | Found an ornate altar of the Wu Jian Council.
  3675 | D:5      | Entered Level 5 of the Dungeon
  3692 | D:5      | Reached skill level 7 in Ranged Weapons
  3718 | D:4      | Reached XP level 7. HP: 31/54 MP: 7/7
  4061 | D:5      | Identified the +0 leather armour of Yredelemnul's Whim
                  | {Contam Int+2 Dex+5}
  4219 | D:5      | Reached skill level 1 in Shields
  4240 | D:5      | Found a staircase to the Ecumenical Temple.
  4424 | D:5      | Reached skill level 1 in Armour
  4551 | D:5      | Reached skill level 8 in Ranged Weapons
  4551 | D:5      | Reached XP level 8. HP: 61/61 MP: 8/8
  4561 | D:5      | Found a glowing golden altar of the Shining One.
  4655 | D:6      | Identified the +3 dagger "Guodih" {freeze, rPois}
  4947 | D:6      | Noticed DrKenneth's ghost (novice MiFi)
  4948 | D:6      | Found a transporter.
  5226 | D:6      | Found a transporter.
  5303 | D:7      | Noticed Pikel
  5328 | D:7      | Killed Pikel
  5329 | D:7      | Reached skill level 5 in Fighting
  5329 | D:7      | Reached skill level 5 in Shields
  5428 | D:7      | Found Vonimmec's Antique Weapon Emporium.
  5459 | D:7      | Found Rureisoj's General Store.
  5467 | D:7      | Bought a scroll of identify for 24 gold pieces
  5483 | D:7      | Noticed Maggie
  5493 | D:7      | Killed Maggie
  5494 | D:7      | Reached skill level 5 in Stealth
  5494 | D:7      | Reached XP level 9. HP: 44/68 MP: 9/9
  5505 | D:7      | Noticed Menkaure
  5515 | D:7      | Killed Menkaure
  5707 | D:7      | Found Pyko's Weapon Shop.
  5711 | D:7      | Bought a +2 antimagic arbalest for 357 gold pieces
  5751 | D:7      | Gained mutation: Your magical capacity is low. (-10% MP)
                  | [mutagenic glow]
  5932 | D:7      | Noticed Joseph
  5942 | D:7      | Killed Joseph
  5943 | D:7      | Reached skill level 9 in Ranged Weapons
  6176 | D:7      | Found Denok's Antique Weapon Boutique.
  6311 | D:7      | Found Boosierch's Antique Armour Shoppe.
  6642 | Temple   | Entered the Ecumenical Temple
  6860 | D:6      | Reached XP level 10. HP: 62/74 MP: 6/9
  7010 | D:8      | Reached skill level 10 in Ranged Weapons
  7091 | D:8      | Noticed a two-headed ogre
  7155 | D:8      | HP: 3/74 [two-headed ogre/+0 giant club (12)]
  7155 | D:8      | Slain by a two-headed ogre

Illustrated notes

Levels and vault maps discovered:
D:1:      dpeg_arrival_court, layout_basic, nrook_mini_vaults,
          columned_hall_lemuel
D:2:      layout_loops_cross, shapermc_ecumenical_altar_petra,
          chequers_serial_rivers_micro_d
D:3:      layout_basic, mainiacjoe_overflow_alcove_4, guppyfry_early_orc_mine
D:4:      layout_cave_pools, mainiacjoe_overflow_alcove_2,
          reono_crystal_passage, kennysheep_generic_room_12
D:5:      layout_loops_cross, lemuel_coloured_pillars_altar, temple_statues,
          hangedman_decor_growths
D:6:      nicolae_cairo_tiling_very_big, layout_basic, gammafunk_ghost_smash
D:7:      layout_basic, serial_shops, shop, shop, shop, nicolae_shop_trees,
          shop, palyth_stone_intersect, uniq_menkaure, uniq_joseph, uniq_pikel,
          uniq_maggie
D:8:      minmay_thinvault, layout_loops_ring, uniq_grum
Temple:   regret_index_temple_sphere_string

Skill      XL: |  1  2  3  4  5  6  7  8  9 10 |
---------------+-------------------------------+-----
Fighting       | 3 4 5 |  5.0
Ranged Weapons | 5 6 7 8 9 10 | 10.4
Dodging        | 2 3 |  3.0
Shields        | 2 5 |  5.0
Armour         | 1 3 |  3.0
Evocations     | 3 |  3.0
Stealth        | 5 7 |  7.0

Action                   |  1- 3 |  4- 6 |  7- 9 | 10-12 || total
-------------------------+-------+-------+-------+-------++-------
Melee: Halberd           |       |       |     4 |       ||     4
 Fire: Shortbow          |    86 |   160 |    95 |       ||   341
       Arbalest          |       |       |    39 |    24 ||    63
Evoke: Wand              |       |       |     2 |       ||     2
  Use: Scroll            |       |     5 |     3 |     2 ||    10
       Potion            |       |     1 |     1 |       ||     2
Armor: Leather armour    |    37 |    42 |    19 |       ||    98
       Steam dragon scal |       |       |     2 |     5 ||     7
Dodge: Dodged            |    82 |    74 |    66 |    23 ||   245
Block: Buckler           |       |       |    23 |     9 ||    32

Table legend: (Time is in decaauts)
 A = Elapsed time spent in this place.
 B = Non-inter-level travel time spent in this place.
 C = Inter-level travel time spent in this place.
 D = Time resting spent in this place.
 E = Time spent auto-exploring this place.
 F = Levels seen in this place.
 G = Mean time per level.
                   A        B        C        D        E       F      G
               +--------+--------+--------+--------+--------+-----+--------+
         Total |   7268 |   6758 |    510 |     57 |   5359 |   9 |  807.6 |
       Dungeon |   7098 |   6617 |    481 |     57 |   5232 |   8 |  887.2 |
        Temple |    169 |    141 |     28 |      0 |    127 |   1 |  169.0 |
               +--------+--------+--------+--------+--------+-----+--------+

Top non-repeatable levels by time:
     D:1: 1330 daAuts
     D:7: 1285 daAuts
     D:3: 959 daAuts
     D:5: 902 daAuts
     D:4: 895 daAuts
     D:6: 705 daAuts
     D:2: 689 daAuts
     D:8: 330 daAuts
  Temple: 169 daAuts
